 Dungeon Crawl Stone Soup version 0.30-a0-715-gdb4ae3ece1 (webtiles) character file.

Game seed: 1585026865164929520

38715 Ge0ff the Thaumaturge (level 13, -15/74 HPs)
             Began as a Deep Elf Cinder Acolyte on Jan 24, 2023.
             Was a Believer of Ignis.
             Demolished by Donald
             ... wielding a +4 scimitar of holy wrath
              (29 damage)
             ... on level 2 of the Orcish Mines.
             The game lasted 00:37:28 (17039 turns).

Ge0ff the Thaumaturge (Deep Elf Cinder Acolyte)    Turns: 17039, Time: 00:37:29

Health: -15/74     AC: 14    Str: 11    XL:     13   Next: 65%
Magic:  12/31      EV: 12    Int: 25    God:    Ignis [**....]
Gold:   834        SH:  0    Dex: 10    Spells: 15/37 levels left

rFire   + + .      SeeInvis .    a - staff of fire
rCold   + . .      Faith    .    (no shield)
rNeg    . . .      Spirit   .    Q - +1 troll leather armour
rPois   .          Reflect  .    R - +0 helmet
rElec   .          Harm     .    n - +0 cloak
rCorr   .          Rampage  .    Y - +0 pair of gloves
Will    +....                    x - +0 pair of boots
Stlth   ++                       L - amulet of magic regeneration
HPRegen 1.12/turn                G - ring of protection from cold
MPRegen 0.62/turn                J - +4 ring of protection {=R}

@: about to teleport
A: no striking features
a: Renounce Religion, Fiery Armour, Foxfire Swarm, Rising Flame


You were on level 2 of the Orcish Mines.
You worshipped Ignis.
Ignis was pleased with you.
You visited 3 branches of the dungeon, and saw 14 of its levels.
You also visited: Ice Cave.

You collected 1292 gold pieces.
You spent 458 gold pieces at shops.

Inventory:

Hand Weapons
 b - a +1 short sword of draining
 r - the +3 short sword of Feihin {holy, rCorr}
   (You bought it in a shop on level 9 of the Dungeon)

   rCorr:     It protects you from acid and corrosion.
 t - the +8 frozen axe "Frostbite" {freeze, freezing cloud, *Noise Fly rC+}
   (You found it on level 10 of the Dungeon)

   rC:        It protects you from cold.
   Fly:       It grants you flight.
   *Noise:    It may make noises in combat.
 w - a +7 dagger of venom
Missiles
 g - a throwing net {=F}
 v - 3 curare-tipped darts {=F}
 D - 21 boomerangs
 O - 20 poisoned darts
 S - 6 atropa-tipped darts
Armour
 l - a +2 leather armour of poison resistance
 n - a +0 cloak (worn)
 x - a +0 pair of boots (worn)
 K - a +2 robe of willpower
 Q - a +1 troll leather armour (worn)
 R - a +0 helmet (worn)
 U - a +2 robe of resistance
 Y - a +0 pair of gloves (worn)
Magical Staves
 a - a staff of fire (weapon)
 i - a staff of poison
Jewellery
 h - a ring of positive energy
 o - a ring of wizardry
 F - an amulet of regeneration
 G - a ring of protection from cold (left hand)
 I - an amulet of reflection
 J - a +4 ring of protection (right hand) {=R}
 L - an amulet of magic regeneration (around neck)
Wands
 d - a wand of digging (4)
 f - a wand of flame (29)
 j - a wand of quicksilver (5)
 k - a wand of iceblast (7)
 s - a wand of mindburst (11)
 P - a wand of polymorph (4)
Scrolls
 m - a scroll of magic mapping
 p - a scroll of brand weapon
 y - a scroll of immolation
 C - a scroll of poison
 T - a scroll of teleportation
 V - a scroll of vulnerability
Potions
 q - 6 potions of curing
 u - 2 potions of mutation {!q}
 z - 3 potions of brilliance
 A - 7 potions of attraction
 B - 2 potions of berserk rage {unknown}
 E - a potion of resistance {unknown}
 H - 2 potions of haste {!q}
 M - 3 potions of might
 N - 2 potions of magic {unknown}
 X - 6 potions of flight
 Z - 5 potions of lignification {unknown}
Miscellaneous
 c - a condenser vane (inert)


   Skills:
 + Level 5.7 Fighting
 - Level 3.0 Short Blades
 + Level 4.3 Throwing
 + Level 3.9 Armour
 + Level 4.7 Dodging
 - Level 3.0 Stealth
 + Level 12.6 Spellcasting
 + Level 12.5 Conjurations
 - Level 3.0 Hexes
 + Level 6.6 Transmutations
 + Level 12.5 Fire Magic
 - Level 5.0 Air Magic
 - Level 5.0 Poison Magic
 + Level 6.1 Evocations


You had 15 spell levels left.
You knew the following spells:

 Your Spells              Type           Power      Damage    Failure   Level
i - Ignite Poison         Fire/Tmut/Pois 71%        N/A       1%          3
j - Inner Flame           Hex/Fire       70%        N/A       1%          3
n - Sticky Flame          Conj/Fire      87%        2d10      1%          4
r - Olgreb's Toxic Radia  Pois           40%        N/A       6%          4
s - Flame Wave            Conj/Fire      87%        2d19      1%          4
C - Poisonous Vapours     Pois/Air       80%        N/A       1%          2
E - Scorch                Fire           100%       2d10      1%          2

Your spell library contained the following spells:

 Spells                   Type           Power      Damage    Failure   Level
 Beastly Appendage        Tmut           98%        N/A       1%          1
 Shock                    Conj/Air       100%       1d9       1%          1
 Sting                    Tmut/Pois      100%       1d8       1%          1
 Wereblood                Tmut           49%        N/A       1%          2
 Kindle Blastsparks       Fire/Tloc/Air  100%       2d18      1%          3
 Spider Form              Tmut/Pois      44%        N/A       1%          3
 Swiftness                Air            40%        N/A       1%          3
 Airstrike                Air            20%        2d(3-19)  6%          4
 Freezing Cloud           Conj/Ice/Air   22%        6-21      12%         5
 Gell's Gravitas          Tloc           15%        N/A       14%         3
 Teleport Other           Tloc           15%        N/A       14%         3
 Dispersal                Tloc           7%         N/A       100%        6


Dungeon Overview and Level Annotations

Branches:
Dungeon (11/15) Zot: 25888  Temple (1/1) D:4 Zot: 5922    Lair (0/5) D:10
    Orc (2/2) D:10 Zot: 11560   IceCv (visited)
    Elf: Orc:2

Altars:
Ashenzari
Cheibriados
Dithmenos
Elyvilon
Fedhas
Gozag
Hepliaklqana
Kikubaaqudgha
Makhleb
Nemelex Xobeh
Okawaru
Qazlal
Ru
Sif Muna
Trog
Uskayaw
Vehumet
Wu Jian
Xom
Yredelemnul
Zin
The Shining One

Shops:
D:6 :   D:9 (   D:10 *

Annotations:
Orc:2 Donald


Message History

Aiming: Poisonous Vapours (safe; 1% risk of failure)
Press: ? - help, Dir - move target, f/p - Donald
Aim: Donald, wielding a +4 scimitar of holy wrath, wearing a +0 chain mail of fire resistance and wearing a +0 kite shield of reflection (heavily wounded, fast, strong, reflecting blocked projectiles) Poisonous vapours surround Donald!
Donald is poisoned.
You feel a bit more experienced.
The warg bites you but does no damage. x2
Donald says, "So, what is this Orb thing, anyway?"
Casting: Poisonous Vapours (safe; 1% risk of failure)
Confirm with . or Enter, or press ? or * to list all spells.
You feel a surge of power!
You ignite the poison in your surroundings!
Donald seems to burn from within!!
Donald is severely wounded.
The orc warrior seems to burn from within!
The orc warrior is severely wounded.
The warg completely misses you. The warg bites you.
The warg bites you but does no damage. The warg barely misses you. x2
Donald says, "Feel like your fire's burning out?
I hate that."
Aiming: Quicksilver Bolt
Press: ? - help, Shift-Dir - straight line, p - Donald The bolt of dispelling energy hits Donald!
Donald is almost dead.
Donald's magical effects unravel!
The warg bites you. The warg closely misses you. The warg barely misses you.
Donald casts a spell.
Donald seems to speed up.
The warg attacks as you move away! The warg bites you.
Donald attacks as you move away!
Donald hits you with a +4 scimitar of holy wrath!!
* * * LOW HITPOINT WARNING * * *
The warg attacks as you move away! The warg bites you!
* * * LOW HITPOINT WARNING * * *
The warg bites you!
* * * LOW HITPOINT WARNING * * *
Donald says, "That colour you're wearing?
I hate that."
Really quaff
W - a potion of heal wounds {!q}?
You feel much better. The warg closely misses you. x2
Use which ability? (? or * to list)
Okay, then.
As you read the scroll of teleportation, it crumbles to dust.
You feel strangely unstable.
The warg bites you but does no damage. x2
Donald hits you with a +4 scimitar of holy wrath!
* * * LOW HITPOINT WARNING * * *
The warg bites you.
* * * LOW HITPOINT WARNING * * *
The warg bites you.
* * * LOW HITPOINT WARNING * * *
The warg attacks as you move away! The warg closely misses you.
Donald attacks as you move away!
Donald hits you with a +4 scimitar of holy wrath!!
You die...

##............
#.....<.......
#.............
##............
#..........$.O
#.$..o........
##............
#h@h.........@
##@hO.........
#.........
....#.....
##...#...#.
#.... .#..
...... # .
#.....#
#....##


You could see Donald (fast, reflecting), a two-headed ogre, 3 wargs and an orc
warrior.

Vanquished Creatures
  Gastronok (D:10)
  2 orc warlords (Orc:1)
  Snorg (Orc:1)
  Josephine (D:10)
  An ice dragon (shapeshifter) (D:8)
  2 centaur warriors (D:8)
  3 two-headed ogres
  2 ironbound frosthearts (IceCv)
  An orc high priest (Orc:2)
  2 death yaks (IceCv)
  A glowing orange brain (D:10)
  2 orc knights (Orc:1)
  Pikel (D:8)
  3 orc sorcerers
  2 manticores (D:11)
  4 cyclopes
  An ugly thing (IceCv)
  An ice statue (IceCv)
  Maurice (D:10)
  An unseen horror (D:11)
  A rime drake (IceCv)
  9 trolls
  8 polar bears (IceCv)
  A hornet (D:8)
  Sigmund (D:6)
  11 wraiths
  A shadow (D:11)
  40 yaks
  3 wyverns
  A steam dragon (D:8)
  3 wargs (Orc:1)
  Edmund (D:6)
  3 vampire mosquitoes (D:11)
  2 acid dragons
  Duvessa (D:7)
  A water moccasin (D:5)
  4 ice beasts
  A sky beast (D:7)
  15 orc warriors
  A black bear (D:5)
  4 ogres
  3 centaurs
  A lemure (D:8)
  18 wolves (IceCv)
  3 phantoms
  2 kobold brigands
  8 bullfrogs
  9 wights
  Dowan (D:7)
  10 killer bees
  8 electric eels
  6 howler monkeys
  8 crimson imps (D:10)
  2 gnoll boudas (D:5)
  3 jellies
  3 hounds
  7 orc priests
  Crazy Yiuf (D:4)
  Jessica (D:3)
  Ijyb (D:4)
  3 iguanas
  26 orc wizards
  12 gnolls
  13 adders
  2 white imps
  An ufetubus (D:7)
  3 worms
  4 dart slugs
  60 orcs
  9 ball pythons
  11 bats
  7 endoplasms
  A giant cockroach (D:4)
  8 goblins
  5 hobgoblins
  15 kobolds
  5 quokkas
  4 frilled lizards
  6 rats
435 creatures vanquished.

Vanquished Creatures (collateral kills)
  3 foxfires (D:6)
3 creatures vanquished.

Vanquished Creatures (others)
  21 foxfires
  9 fungi (D:5)
  7 plants
37 creatures vanquished.

Grand Total: 475 creatures vanquished

Notes
Turn   | Place    | Note
-------+----------+-------------------------------------------
     0 | D:1      | Ge0ff the Deep Elf Cinder Acolyte began the quest for the
                  | Orb.
     0 | D:1      | Reached XP level 1. HP: 13/13 MP: 5/5
   172 | D:1      | Identified a scroll of acquirement
   172 | D:1      | Acquired a staff of fire
   232 | D:1      | Reached XP level 2. HP: 5/18 MP: 6/6
   301 | D:1      | Learned a level 2 spell: Scorch
   305 | D:1      | Reached skill level 1 in Stealth
   449 | D:1      | Reached skill level 1 in Dodging
  1018 | D:1      | Reached XP level 3. HP: 15/22 MP: 0/8
  1694 | D:2      | Reached XP level 4. HP: 27/27 MP: 9/9
  2212 | D:2      | Reached XP level 5. HP: 9/32 MP: 0/11
  3393 | D:3      | Found a sacrificial altar of Ru.
  3462 | D:3      | Found a glowing silver altar of Zin.
  3498 | D:3      | Noticed Jessica
  3501 | D:3      | Killed Jessica
  3892 | D:4      | Noticed an orc warrior
  3900 | D:4      | Killed an orc warrior
  3901 | D:4      | Reached XP level 6. HP: 6/37 MP: 1/14
  4044 | D:4      | Found a staircase to the Ecumenical Temple.
  4055 | Temple   | Entered the Ecumenical Temple
  4535 | D:4      | Reached skill level 5 in Fire Magic
  4927 | D:4      | Found a sparkling altar of Nemelex Xobeh.
  5020 | D:4      | Noticed Ijyb
  5029 | D:4      | Killed Ijyb
  5138 | D:4      | Found a runed translucent door.
  5139 | D:4      | Noticed Crazy Yiuf
  5145 | D:4      | Killed Crazy Yiuf
  5146 | D:4      | Reached XP level 7. HP: 42/42 MP: 13/16
  5286 | D:5      | Entered Level 5 of the Dungeon
  5317 | D:5      | Reached skill level 5 in Spellcasting
  5317 | D:5      | Reached skill level 1 in Evocations
  5935 | D:5      | Reached XP level 8. HP: 48/48 MP: 9/20
  6484 | D:6      | Found Fuoru's Book Boutique.
  6486 | D:6      | Noticed Sigmund
  6496 | D:6      | Found an ornate altar of the Wu Jian Council.
  6830 | D:6      | Reached skill level 5 in Evocations
  7139 | D:6      | Noticed a cyclops
  7142 | D:6      | Killed a cyclops
  7143 | D:6      | Reached XP level 9. HP: 52/52 MP: 22/24
  7312 | D:6      | Noticed Edmund
  7325 | D:6      | Killed Edmund
  7515 | D:6      | Killed Sigmund
  7516 | D:6      | Reached skill level 10 in Spellcasting
  7596 | D:6      | Learned a level 3 spell: Inner Flame
  7601 | D:6      | Learned a level 4 spell: Sticky Flame
  7749 | D:6      | Reached skill level 1 in Hexes
  7846 | D:7      | Reached skill level 1 in Conjurations
  8476 | D:7      | Noticed Dowan
  8479 | D:7      | Noticed Duvessa
  8480 | D:7      | Killed Dowan
  8485 | D:7      | Killed Duvessa
  8578 | D:7      | Reached skill level 10 in Fire Magic
  8643 | D:7      | Found a hide-covered altar of Uskayaw.
  9449 | D:8      | Noticed a two-headed ogre
  9458 | D:8      | Killed a two-headed ogre
  9459 | D:8      | Reached XP level 10. HP: 26/56 MP: 26/26
  9603 | D:8      | Noticed a cyclops
  9604 | D:8      | Noticed a centaur warrior
  9608 | D:8      | Killed a cyclops
  9608 | D:8      | Killed a centaur warrior
  9828 | D:8      | Noticed a centaur warrior
  9843 | D:8      | Killed a centaur warrior
  9844 | D:8      | Reached skill level 10 in Conjurations
 10252 | D:8      | Reached XP level 11. HP: 62/62 MP: 20/27
 10615 | D:8      | Noticed Pikel
 10621 | D:8      | Killed Pikel
 10622 | D:8      | Reached skill level 5 in Fighting
 10718 | D:8      | Found an iron altar of Okawaru.
 11305 | D:8      | Noticed an ice dragon
 11310 | D:8      | Killed an ice dragon
 11491 | D:8      | Found an iron altar of Okawaru.
 12319 | D:8      | Learned a level 4 spell: Flame Wave
 12808 | D:9      | Found Athyweom's Antique Weapon Shoppe.
 12821 | D:9      | Learned a level 3 spell: Ignite Poison
 12909 | D:6      | Bought a Young Poisoner's Handbook for 260 gold pieces
 12912 | D:6      | Learned a level 2 spell: Poisonous Vapours
 13203 | D:9      | Reached skill level 1 in Transmutations
 13203 | D:9      | Reached skill level 1 in Air Magic
 13203 | D:9      | Reached skill level 1 in Poison Magic
 13207 | D:9      | Reached skill level 1 in Armour
 13299 | D:9      | Found a shimmering blue altar of Sif Muna.
 13372 | D:9      | Found a hazy altar of Hepliaklqana.
 13429 | D:9      | Bought a pitted short sword for 160 gold pieces
 13429 | D:9      | Identified the +3 short sword of Feihin {holy, rCorr} (You
                  | bought it in a shop on level 9 of the Dungeon)
 13549 | D:10     | Entered Level 10 of the Dungeon
 13561 | D:10     | Noticed Gastronok
 13696 | D:10     | Found Gaintuk's General Store.
 13731 | D:10     | Bought 2 curare-tipped darts for 38 gold pieces
 13773 | D:10     | Found a staircase to the Lair.
 13827 | D:10     | Noticed a two-headed ogre
 13832 | D:10     | Killed a two-headed ogre
 13887 | D:10     | Noticed a glowing orange brain
 13887 | D:10     | Found the +8 frozen axe "Frostbite" {freeze, freezing
                  | cloud, *Noise Fly rC+}
 13894 | D:10     | Killed a glowing orange brain
 14003 | D:10     | Reached XP level 12. HP: 68/68 MP: 30/30
 14042 | D:10     | Found a basalt altar of Yredelemnul.
 14115 | D:10     | Reached skill level 1 in Throwing
 14116 | D:10     | Noticed Josephine
 14224 | D:10     | Killed Josephine
 14224 | D:10     | Noticed Maurice
 14227 | D:10     | Killed Maurice
 14227 | D:10     | Noticed a two-headed ogre
 14230 | D:10     | Killed a two-headed ogre
 14280 | D:10     | Found a staircase to the Orcish Mines.
 14312 | D:10     | Killed Gastronok
 14456 | D:10     | Learned a level 4 spell: Olgreb's Toxic Radiance
 14633 | D:10     | Found a snail-covered altar of Cheibriados.
 14793 | D:11     | Found a frozen archway.
 14809 | IceCv    | Entered an ice cave
 14962 | IceCv    | Reached skill level 5 in Transmutations
 14962 | IceCv    | Reached skill level 5 in Poison Magic
 15137 | IceCv    | Noticed a death yak
 15141 | IceCv    | Killed a death yak
 15181 | IceCv    | Reached skill level 5 in Air Magic
 15377 | IceCv    | Noticed a death yak
 15377 | IceCv    | Noticed an ironbound frostheart
 15378 | IceCv    | Noticed an ironbound frostheart
 15384 | IceCv    | Killed an ironbound frostheart
 15384 | IceCv    | Killed an ironbound frostheart
 15385 | IceCv    | Reached XP level 13. HP: 19/72 MP: 14/31
 15943 | D:11     | Found a glowing golden altar of the Shining One.
 16477 | Orc:1    | Entered Level 1 of the Orcish Mines
 16477 | Orc:1    | Noticed an orc warlord
 16524 | Orc:1    | Killed an orc warlord
 16524 | Orc:1    | Noticed Snorg
 16535 | Orc:1    | Killed Snorg
 16661 | Orc:1    | Noticed an orc warlord
 16684 | Orc:1    | Killed an orc warlord
 17024 | Orc:2    | Entered Level 2 of the Orcish Mines
 17029 | Orc:2    | Noticed Donald
 17039 | Orc:2    | Demolished by Donald

Illustrated notes

Levels and vault maps discovered:
D:1:      minmay_arrival_shattered_statue, layout_basic
D:2:      layout_loops_cross, minmay_misc_feat_diagonals, minmay_hexomino_p4
D:3:      layout_loops_ring, nicolae_ru_the_path_less_chosen,
          mainiacjoe_overflow_catwalk, uniq_jessica
D:4:      layout_loops_ring, nemelex_diamond_rough_becter,
          lemuel_temple_firewalk_b, minivault_23, roderic_batcave,
          amcnicky_mini_rare_corridor_liquid, uniq_crazy_yiuf_cottage, uniq_ijyb
D:5:      layout_cave_pools, dreamdust_mushroom_princess,
          roderic_serpentine_path
D:6:      cheibrodos_two_vegetables, layout_rooms, nicolae_wu_jian_wuxing_cycle,
          serial_shops, nicolae_shop_stone, uniq_edmund, uniq_sigmund
D:7:      layout_layer_cave, nicolae_overflow_hidden_temple, uniq_duvessa
D:8:      minmay_the_grid_plus_closed [minmay_the_grid_tiny_cups,
          minmay_the_grid_spikes, minmay_the_grid_all_tris,
          minmay_the_grid_gridbox, minmay_the_grid_prize_big_room],
          layout_basic, mainiacjoe_overflow_paths, uniq_pikel
D:9:      layout_gridville, nicolae_sif_muna_condensation, kennysheep_mini,
          serial_shops, nicolae_shop_window_shopping, amethyst_killhole
D:10:     nzn_winding_woodlands_cross [nzn_winding_woodlands_5x15_twine,
          nzn_winding_woodlands_5x15_pockets,
          nzn_winding_woodlands_5x15_longhouse,
          nzn_winding_woodlands_5x15_jagged,
          nzn_winding_woodlands_15x15_eel_pit], layout_long_grid,
          mainiacjoe_overflow_six_doors_small, slow_altar_2, orc_0_dummy,
          serial_shops, shop, minmay_nine_imps, uniq_gastronok, uniq_maurice,
          uniq_josephine
D:11:     layout_basic, portal_ice_cave_entry_pillars_2,
          nicolae_tso_carved_into_rock
Temple:   nicolae_temple_hex_pool
Orc:1:    layout_diamond_mine, uniq_snorg
Orc:2:    st_orc_open, layout_caves, uniq_donald, uniq_erolcha

Skill      XL: |  1  2  3  4  5  6  7  8  9 10 11 12 13 |
---------------+----------------------------------------+-----
Spellcasting   | 2 3 4 6 9 10 12 | 12.6
Stealth        | 1 2 3 |  3.0
Dodging        | 1 2 3 4 |  4.7
Fire Magic     | 4 5 6 8 10 11 12 | 12.5
Fighting       | 3 4 5 |  5.7
Evocations     | 3 5 6 |  6.1
Hexes          | 3 |  3.0
Conjurations   | 6 10 11 12 | 12.5
Transmutations | 3 5 6 |  6.6
Air Magic      | 2 5 |  5.0
Poison Magic   | 2 5 |  5.0
Armour         | 2 3 |  3.9
Throwing       | 3 4 |  4.3
Short Blades   | |  3.0

Action                     |  1- 3 |  4- 6 |  7- 9 | 10-12 | 13-15 || total
---------------------------+-------+-------+-------+-------+-------++-------
  Melee: Short sword       |    18 |       |       |       |       ||    18
         Staff             |    21 |    33 |    15 |     2 |       ||    71
         Punch             |     1 |       |       |       |       ||     1
  Throw: Stone             |    11 |       |       |     1 |       ||    12
         Javelin           |       |       |     1 |       |       ||     1
         Dart              |       |       |       |     1 |       ||     1
   Cast: Scorch            |    32 |    77 |   138 |   121 |    13 ||   381
         Inner Flame       |       |       |     2 |    11 |       ||    13
         Sticky Flame      |       |       |       |     7 |       ||     7
         Poisonous Vapours |       |       |       |    44 |    27 ||    71
         Ignite Poison     |       |       |       |    42 |    45 ||    87
         Flame Wave        |       |       |       |    23 |     4 ||    27
         Olgreb's Toxic Ra |       |       |       |     6 |    20 ||    26
 Invoke: Fiery Armour      |     1 |     2 |     1 |       |     1 ||     5
         Foxfire Swarm     |       |       |     2 |       |       ||     2
  Evoke: Wand              |       |     2 |    15 |     7 |     1 ||    25
         Condenser vane    |       |       |       |     2 |     1 ||     3
    Use: Scroll            |     3 |     9 |     7 |     9 |     2 ||    30
         Potion            |       |     1 |     1 |     2 |     1 ||     5
 Armour: Robe              |    12 |    20 |    16 |    20 |       ||    68
         Troll leather arm |       |       |       |    38 |    22 ||    60
  Dodge: Dodged            |    26 |    38 |    30 |    85 |    28 ||   207

Table legend: (Time is in decaauts)
 A = Elapsed time spent in this place.
 B = Non-inter-level travel time spent in this place.
 C = Inter-level travel time spent in this place.
 D = Time resting spent in this place.
 E = Time spent auto-exploring this place.
 F = Levels seen in this place.
 G = Mean time per level.
                   A        B        C        D        E       F      G
               +--------+--------+--------+--------+--------+-----+--------+
         Total |  17143 |  16446 |    697 |    766 |  13413 |  15 | 1142.9 |
       Dungeon |  15870 |  15192 |    678 |    724 |  12532 |  11 | 1442.7 |
        Temple |     77 |     71 |      6 |      0 |     61 |   1 |   77.0 |
  Orcish Mines |    439 |    427 |     12 |      0 |    297 |   2 |  219.5 |
      Ice Cave |    755 |    755 |      0 |     42 |    523 |   1 |  755.0 |
               +--------+--------+--------+--------+--------+-----+--------+

Top non-repeatable levels by time:
     D:8: 3057 daAuts
     D:2: 1603 daAuts
     D:7: 1583 daAuts
     D:6: 1428 daAuts
    D:10: 1413 daAuts
     D:4: 1329 daAuts
     D:1: 1293 daAuts
     D:5: 1206 daAuts
     D:9: 1028 daAuts
     D:3: 974 daAuts
    D:11: 951 daAuts
   IceCv: 755 daAuts
   Orc:1: 425 daAuts
  Temple: 77 daAuts
   Orc:2: 14 daAuts
